[Event "*** Titled Tuesday Blitz"]
[Site "Chess.com"]
[Date "2020.10.20"]
[Round "5"]
[White "elcandado"]
[Black "Sharpchess22"]
[Result "1-0"]
[WhiteElo "2586"]
[BlackElo "2759"]
[TimeControl "180+1"]
[EndTime "10:57:58 PDT"]
[Termination "elcandado won by checkmate"]

1. d4 Nf6 2. Bf4 e6 3. e3 d5 4. Nd2 Bd6 5. Bg3 O-O 6. Bd3 c5 7. c3 Qc7 8. dxc5 Qxc5 9. Ngf3 Nbd7 10. e4 e5 11. Qe2 Re8 12. O-O a6 13. Rfe1 dxe4 14.
Bxe4 Qc7 15. Nc4 Nc5 16. Bc2 Bg4 17. Nxd6 Qxd6 18. Qe3 Bxf3 19. Qxf3 Qc7 20. Rad1 Ncd7 21. Qf5 Rad8 22. h3 Qb6 23. Bb3 Qc5 24. Bh4 Qc6 25. Rd2 Nc5 26. Rxd8 Rxd8 27. Bxf6 Qxf6 28.
Qxf6 gxf6 29. Rd1 Rxd1+ 30. Bxd1 Nd3 31. b3 Nc1 32. Bc2 Nxa2 33. c4 Nb4 34. Be4 b6 35. Kf1 a5 36. Ke1 Nc2+ 37. Bxc2 Kg7 38. Bf5 h6 39. h4 Kf8 40. g4 Ke7 41. Kd2 Kd6 42.
Kc3 Kc5 43. f3 b5 44. cxb5 Kxb5 45. Bd7+ Kc5 46. Be8 Kd5 47. Bxf7+ Kc5 48. Kd3 Kb4 49. Ke4 Kc3 50. Kf5 Kd4 51. Kxf6 e4 52. fxe4 Kxe4 53.
g5 Kf4 54. gxh6 Kg4 55. h7 Kf4 56. h8=Q Ke3 57. Qg7 Kd3 58. h5 Kc3 59. h6 Kb4 60. h7 Ka3 61. h8=Q Kb2 62. Qb8 Ka3 63. Qd6+ Ka2 64.
Qg2+ Kb1 65. Qd1# 1-0

[Event "*** Titled Tuesday Blitz"]
[Site "Chess.com"]
[Date "2020.10.20"]
[Round "5"]
[White "scandalgod"]
[Black "bazar-wokzal"]
[Result "1/2-1/2"]
[WhiteElo "2376"]
[BlackElo "2521"]
[TimeControl "180+1"]
[EndTime "10:57:58 PDT"]
[Termination "Game drawn - insufficient material"]

1. d4 Nf6 2. c4 Nc6 3. Nf3 e6 4. g3 Bb4+ 5. Bd2 a5 6. Bg2 d6 7. O-O e5 8. Bg5 exd4 9. Nxd4 Ne5 10. a3 Bc5 11. Nc3 Neg4 12. Nd5 h6 13. Bxf6 Nxf6 14. b4 Ba7 15. Nb5 Nxd5 16. Qxd5 O-O 17. Nxa7 Rxa7 18. c5 axb4 19. axb4 Rxa1 20. Rxa1 dxc5 21. Qxc5 c6 22. b5 cxb5 23. Qxb5 Qe7 24. Rb1 Bg4 25. e3 Rb8 26. h3 Be6 27. Qe5 Qd8 28. Rb6 Qxb6 29. Qxb8+ Kh7 30. Qxb7 Qxb7 31. Bxb7 Bxh3 32. f3 Be6 33.
Kf2 g5 34. g4 Kg6 35. Kg3 f5 36. gxf5+ Bxf5 37. e4 Be6 38. f4 h5 39. fxg5 Kxg5 40. Bd5 h4+ 41. Kf3 Bd7 42. e5 Bg4+ 43. Kf2 Kf5 44. e6 Kf6 45. Kg2 Bf5 46. Kh2 Bg4 47.
Kg2 Bf5 48. Kh2 Bg6 49. Kh3 Kg5 50. e7 Bf5+ 51. Kh2 Bd7 52. Be6 Be8 53. Bd5 Kf6 54.
Kh3 Kg5 55. Be6 Kf6 56. Bg4 Kxe7 57. Kxh4 1/2-1/2

[Event "*** Titled Tuesday Blitz"]
[Site "Chess.com"]
[Date "2020.10.20"]
[Round "5"]
[White "PriSachu"]
[Black "ViktoriyaTarasova"]
[Result "1-0"]
[WhiteElo "2450"]
[BlackElo "2247"]
[TimeControl "180+1"]
[EndTime "10:57:59 PDT"]
[Termination "PriSachu won by resignation"]

1. e4 e5 2. Nf3 Nc6 3. Bb5 Nf6 4. O-O Nxe4 5. Re1 Nd6 6. a4 Be7 7. Nc3 Nxb5 8. axb5 Nb8 9. d4 O-O 10. dxe5 d6 11. exd6 Bxd6 12. Bg5 Qd7 13. Qd3 Qf5 14. Qxf5 Bxf5 15. Be7 Bxe7 16. Rxe7 Rc8 17. Nd4 Bd7 18. Nd5 Kf8 19. Re3 Be8 20. b6 Nc6 21. Nxc7 Nxd4 22. Nxa8 Rxa8 23. Rxa7 Rb8 24. Rc3 Nc6 25.
Ra1 Bd7 26. f3 Be6 27. Kf2 Ke7 28. Rd1 Rd8 29. Rxd8 Kxd8 30. g4 Kd7 31. h4 g6 32.
h5 Kd6 33. h6 Bd5 34. Rd3 Kc5 35. b3 Ne5 36. Rc3+ Kxb6 37. Rc8 f5 38. Rh8 fxg4 39.
Rxh7 Bxf3 40. Re7 Nc6 41. h7 Nxe7 42. h8=Q Nf5 43. Qe5 Ka7 44. Qf6 Be4 45. Qxg6 g3+ 46.
Kg1 g2 47. Qf6 Ka8 48. c4 Ne3 49. Qd8+ Ka7 50. Qd4+ b6 51. Qxe3 Ka6 52. Qxe4 Ka5 53. Qd5+ 1-0

[Event "*** Titled Tuesday Blitz"]
[Site "Chess.com"]
[Date "2020.10.20"]
[Round "5"]
[White "Angel_Hranitel_37"]
[Black "Chessalary"]
[Result "0-1"]
[WhiteElo "2496"]
[BlackElo "2353"]
[TimeControl "180+1"]
[EndTime "10:58:00 PDT"]
[Termination "Chessalary won by checkmate"]

1. d4 Nf6 2. Nf3 d5 3. c4 e6 4. g3 Be7 5. Bg2 O-O 6. O-O Nbd7 7. Qc2 Re8 8. Nc3 b6 9. e4 dxe4 10. Nxe4 Bb7 11. Nfg5 Nxe4 12. Nxe4 Nf8 13. Nf6+ Bxf6 14. Bxb7 Rb8 15. Bc6 Re7 16. d5 exd5 17. Bxd5 Ne6 18.
Be3 Qe8 19. Rad1 c6 20. Bg2 c5 21. Kh1 Nd4 22. Qb1 Rd8 23. b4 cxb4 24. Qxb4 Nc2 25.
Rxd8 Qxd8 26. Qd2 Qxd2 27. Bxd2 Re2 28. Rd1 g6 29. Kg1 Nd4 30. Be3 Nf5 31. Bf3 Rxa2 32. Bf4 Bd4 33. Be3 Bxe3 34. fxe3 Nxe3 35. Rd7 Nxc4 36.
Bd5 Ra1+ 37. Kf2 Ne5 38. Re7 Nd3+ 39. Ke3 Re1+ 40. Kxd3 Rxe7 41. Kd4 a5 42. Bc6 Rc7 43. Bb5 Rc5 44. Ba4 Rc1 45. Be8 Rh1 46. h4 Rh3 47. Bd7 Rxg3 48. Ke4 f5+ 49. Kf4 Rg4+ 50. Ke5 Rxh4 51.
Kf6 a4 52. Bb5 a3 53. Bc6 Rd4 54. Be8 Rd6+ 55. Ke5 Re6+ 56. Kxe6 a2 57. Bf7+ Kf8 58.
Kf6 a1=Q+ 59. Kg5 Kxf7 60. Kh6 Qf6 61. Kxh7 Qh4# 0-1

[Event "*** Titled Tuesday Blitz"]
[Site "Chess.com"]
[Date "2020.10.20"]
[Round "5"]
[White "Semetey"]
[Black "MarkkuH"]
[Result "0-1"]
[WhiteElo "2512"]
[BlackElo "2388"]
[TimeControl "180+1"]
[EndTime "10:58:01 PDT"]
[Termination "MarkkuH won by checkmate"]

1. d4 Nf6 2. c4 g6 3. Nc3 Bg7 4. Bg5 O-O 5. e3 d6 6. Nf3 c5 7. Be2 Bf5 8. O-O Ne4 9. Nxe4 Bxe4 10. Qb3 Qc7 11. Nd2 Bf5 12. e4 Bc8 13. d5 e6 14.
f4 exd5 15. cxd5 Nd7 16. Kh1 Re8 17. Bd3 b6 18. Nc4 Bb7 19. a4 a6 20. f5 Rab8 21. fxg6 hxg6 22. Bf4 Bf8 23. e5 dxe5 24. d6 Qc6 25.
Rf2 exf4 26. Bxg6 Qd5 27. Rd1 Qe6 28. Bh5 b5 29. Rxf4 bxc4 30. Qg3+ Bg7 31. Bxf7+ Qxf7 32.
Rxf7 Kxf7 33. Rf1+ Nf6 34. d7 Red8 35. Qg5 Rxd7 36. Qxc5 Rc8 37. Qh5+ Kg8 38. Qg6 Rf8 39. h3 Be4 40. Qg3 Rd2 41. Rf2 Rxf2 42. Qxf2 Rd8 43. Qe2 Rd3 44. Kh2 Rb3 45. Qxc4+ Bd5 46. Qc8+ Kh7 47.
Qxa6 Rxb2 48. Qd3+ Kg8 49. h4 Rxg2+ 50. Kh3 Ra2 51. Qb5 Ra3+ 52. Kh2 Rb3 53. Qc5 Ng4+ 54. Kg1 Rb1+ 55. Qc1 Rxc1# 0-1

[Event "*** Titled Tuesday Blitz"]
[Site "Chess.com"]
[Date "2020.10.20"]
[Round "5"]
[White "chesstrainer2042"]
[Black "barriochess"]
[Result "0-1"]
[WhiteElo "2438"]
[BlackElo "2296"]
[TimeControl "180+1"]
[EndTime "10:58:01 PDT"]
[Termination "barriochess won on time"]

1. e4 e5 2. Nf3 Nc6 3. Bc4 Nf6 4. d3 Be7 5. a4 d6 6. O-O O-O 7. Re1 Be6 8. Na3 h6 9. h3 Re8 10. Bxe6 fxe6 11. c3 Bf8 12. Qb3 Na5 13. Qa2 c5 14. b4 cxb4 15. cxb4 Nc6 16. Bd2 Qd7 17. Nc4 Kh8 18.
Bc3 Rac8 19. Qb2 Ne7 20. Qb3 Ng6 21. Rad1 Nh5 22. Bb2 Qf7 23. d4 exd4 24. Rxd4 e5 25. Rd5 Nhf4 26. Red1 Nxd5 27. exd5 Nf4 28. Ne3 Nxh3+ 29.
Kf1 e4 30. Ng4 exf3 31. gxh3 h5 32. Nh2 Re4 33. Nxf3 Rf4 34. Rd3 Qf5 35. Kg2 Re8 36. Bd4 Qg6+ 37. Kf1 Ree4 38. Qc3 Qf5 39. Kg2 Qg6+ 40.
Kf1 Qf7 41. Kg2 Kg8 42. Kf1 Rxd4 43. Nxd4 Rxf2+ 44. Ke1 Rf1+ 45. Kd2 Qf2+ 46. Ne2 g6 47. Rg3 Bh6+ 48. Kd3 Qf5+ 49. Kc4 Qc8+ 0-1

[Event "*** Titled Tuesday Blitz"]
[Site "Chess.com"]
[Date "2020.10.20"]
[Round "5"]
[White "Gogolev_Artemy"]
[Black "TorFredrikKaasen"]
[Result "1-0"]
[WhiteElo "2525"]
[BlackElo "2691"]
[TimeControl "180+1"]
[EndTime "10:58:02 PDT"]
[Termination "Gogolev_Artemy won on time"]

1. Nf3 d5 2. c4 e6 3. g3 Nf6 4.
Bg2 Be7 5. O-O O-O 6. d4 dxc4 7. Qc2 a6 8. Qxc4 b5 9. Qc2 Bb7 10. Bg5 Nbd7 11. Bxf6 Nxf6 12. Nbd2 Rc8 13. Nb3 c5 14. dxc5 Bd5 15. Rfd1 Qc7 16. Rac1 Nd7 17. c6 Qxc6 18. Qxc6 Rxc6 19. Rxc6 Bxc6 20. Na5 Nb8 21. Ne5 Bxg2 22. Kxg2 f6 23. Nec6 Nxc6 24. Nxc6 Bc5 25. Rd7 Rc8 26. Nd8 e5 27. Ne6 Bf8 28. f4 exf4 29. gxf4 f5 30. Kf3 Rc6 31. Nd4 Rf6 32. Rc7 g6 33. b3 Rd6 34. e3 Bg7 35. Nc6 Bf6 36. Ne5 Bxe5 37. fxe5 Rd2 38. e6 Kf8 39. Rxh7 Rxa2 40. Kf4 Re2 41.
Ke5 Rxe3+ 42. Kf6 Kg8 43. Rc7 f4 44. e7 f3 45. Rc8+ Kh7 46. Rc1 f2 47. Rf1 Re2 48. Kf7 1-0

[Event "*** Titled Tuesday Blitz"]
[Site "Chess.com"]
[Date "2020.10.20"]
[Round "5"]
[White "SergeyKarjakin"]
[Black "Harsha_Bharathakoti"]
[Result "1/2-1/2"]
[WhiteElo "2897"]
[BlackElo "2780"]
[TimeControl "180+1"]
[EndTime "10:58:06 PDT"]
[Termination "Game drawn by agreement"]

1. d4 Nf6 2. Bf4 d5 3. e3 e6 4. Nf3 Bd6 5. Nbd2 O-O 6. Bd3 b6 7. Qe2 Bb7 8. Bg5 c5 9. c3 Nbd7 10. e4 dxe4 11. Nxe4 Be7 12. h4 cxd4 13. Nxd4 Nxe4 14. Bxe4 Bxe4 15. Qxe4 Nc5 16. Qc2 Qc7 17. O-O-O h6 18. Be3 Qb7 19. g4 Rac8 20. g5 h5 21. g6 Bf6 22. gxf7+ Rxf7 23. Kb1 b5 24. Qe2 b4 25. c4 Qe4+ 26. Qc2 Bxd4 27. Bxd4 Qxc2+ 28. Kxc2 Ne4 29. Kb3 Nxf2 30. Bxf2 Rxf2 31. Rd7 Rf3+ 32. Kxb4 Rb8+ 33. Kc5 Rxb2 34. Rxa7 Rf5+ 35. Kd6 Rd2+ 36.
Kc6 Rc2 37. Ra4 Rf4 38. Kb5 Rb2+ 39. Kc5 Rc2 40. Kb5 Rb2+ 41. Kc6 Rc2 42. Kd6 Rfxc4 43. Rxc4 Rxc4 44. Kxe6 Ra4 45. Rh2 Kh7 46. Kd5 Kg6 47. Kc5 Kf5 48. Kb5 Ra3 49. Rg2 g6 50. Rh2 g5 51. hxg5 Kxg5 52. Kb4 1/2-1/2

[Event "*** Titled Tuesday Blitz"]
[Site "Chess.com"]
[Date "2020.10.20"]
[Round "5"]
[White "Sychev_Klementy"]
[Black "1stSecond"]
[Result "1-0"]
[WhiteElo "2883"]
[BlackElo "2768"]
[TimeControl "180+1"]
[EndTime "10:58:08 PDT"]
[Termination "Sychev_Klementy won by resignation"]

1. e4 e5 2. Nf3 Nc6 3. Bb5 a6 4. Ba4 Nge7 5. c3 g6 6. d4 exd4 7. cxd4 Bg7 8. d5 b5 9. Bb3 Na5 10. Bd2 c5 11. d6 Nec6 12. Bc3 O-O 13. O-O Re8 14. Bxf7+ Kxf7 15. Qd5+ Re6 16. Ng5+ Kg8 17. Bxa5 Qe8 18. Bc3 Bb7 19. Bxg7 Kxg7 20. Nxe6+ Qxe6 21. Qxc5 Rc8 22. Qd5 Qf6 23. Nc3 Na5 24. Qd3 Nc4 25. Nd5 Qxb2 26. Rab1 Qe5 27. Rfe1 Qxd6 28. Qd4+ Qe5 29.
Qxe5+ Nxe5 30. Rbc1 Bc6 31. Red1 Re8 32. f3 g5 33. Ne3 Kf6 34. Rd6+ Ke7 35. Nf5+ Kd8 36. Rh6 Kc7 37. Rxh7 Nd3 38. Rd1 Nf4 39. Rg7 Ne6 40. Rg6 b4 41. Ng7 Nxg7 42. Rxg7 Re5 43. Rf7 Ra5 44. Rd2 Ra3 45. Rf5 a5 46. Rxg5 Kb6 47. h4 a4 48. h5 b3 49. axb3 Rxb3 50. h6 a3 51. h7 Rb2 52. h8=Q a2 53. Qxb2+ 1-0

[Event "*** Titled Tuesday Blitz"]
[Site "Chess.com"]
[Date "2020.10.20"]
[Round "5"]
[White "AustrianFalcon"]
[Black "Ty3oB"]
[Result "1-0"]
[WhiteElo "2447"]
[BlackElo "2237"]
[TimeControl "180+1"]
[EndTime "10:58:08 PDT"]
[Termination "AustrianFalcon won by resignation"]

1. f4 d5 2. Nf3 Nf6 3. g3 e6 4.
Bg2 c5 5. O-O Nc6 6. d3 Bd6 7.
Nc3 d4 8. Nb5 Be7 9. e4 dxe3 10.
Bxe3 Nd5 11. Bf2 O-O 12. Qe2 a6 13. Nc3 b6 14. Ne5 Bb7 15. Nxd5 exd5 16. Rae1 Bf6 17. c3 Qc7 18. Bxd5 Nxe5 19. Bxb7 Qxb7 20. fxe5 Rae8 21. d4 Bg5 22. h4 Be7 23. Qe4 Qd7 24. e6 Qc7 25. d5 Bd6 26. Kg2 fxe6 27. dxe6 Re7 28. Re3 Rfe8 29. Rfe1 Qc8 30. Qd5 Qc7 31. Rf3 h6 32. Rf7 Kh8 33. Rxe7 Qxe7 34. Re3 Kh7 35. Qf5+ Kh8 36. Qf7 b5 37. Qxe7 Rxe7 38. Kf3 Kh7 39. h5 g6 40. g4 gxh5 41. gxh5 Kg7 42. Bh4 Re8 43. Kg4 c4 44. e7 Kf7 45. Kf5 a5 46. Re6 Bxe7 47. Rxe7+ Rxe7 48. Bxe7 Kxe7 49. Kg6 Ke6 50. Kxh6 Kf6 51. Kh7 b4 52. a3 bxa3 53.
bxa3 Kf7 54. a4 Kf6 55. Kg8 Kg5 56. Kf7 Kxh5 57. Ke6 Kg4 58. Kd5 Kf3 59. Kxc4 1-0

[Event "*** Titled Tuesday Blitz"]
[Site "Chess.com"]
[Date "2020.10.20"]
[Round "5"]
[White "elohunter1999"]
[Black "MalyDominator"]
[Result "1/2-1/2"]
[WhiteElo "2524"]
[BlackElo "2376"]
[TimeControl "180+1"]
[EndTime "10:58:09 PDT"]
[Termination "Game drawn - insufficient material"]

1. e4 c5 2. Nf3 Nc6 3. d4 cxd4 4. Nxd4 Nf6 5. Nc3 d6 6. Bg5 e6 7. Qd2 a6 8. O-O-O Bd7 9. f4 b5 10. Bxf6 gxf6 11. Kb1 b4 12. Nce2 Qb6 13. Nxc6 Bxc6 14.
f5 e5 15. Ng3 h5 16. h4 Qc5 17. Bd3 Bh6 18. Qe2 Ke7 19. Nxh5 Qe3 20. Qf1 Bxe4 21. Rh3 Bxd3 22. Rxd3 Qc1+ 23. Qxc1 Bxc1 24. Nxf6 Kxf6 25. Kxc1 Kxf5 26. Rxd6 Rag8 27. Rf3+ Ke4 28. Rxf7 Rxg2 29. b3 Rxh4 30. Rxa6 Rhh2 31. Rc7 Ke3 32. Rb6 Rh4 33. Re7 Rg5 34. Rb5 Re4 35. Reb7 Rgg4 36. Kb2 Kf3 37. Re7 Rg5 38. Rh7 Reg4 39. Rhb7 e4 40.
Rxb4 e3 41. Rf7+ Kg2 42. Rxg4+ Rxg4 43. Re7 Kf2 44. a4 e2 45. a5 e1=Q 46. Rxe1 Kxe1 47. Kc3 Kd1 48. b4 Rg2 49. Kc4 Rxc2+ 50. Kb5 Kd2 51.
a6 Kc3 52. a7 Ra2 53. Kb6 Kxb4 54. Kb7 Kb5 55. a8=Q Rxa8 56. Kxa8 1/2-1/2

[Event "*** Titled Tuesday Blitz"]
[Site "Chess.com"]
[Date "2020.10.20"]
[Round "5"]
[White "akanga001"]
[Black "cstevens1"]
[Result "0-1"]
[WhiteElo "1878"]
[BlackElo "2661"]
[TimeControl "180+1"]
[EndTime "10:58:10 PDT"]
[Termination "cstevens1 won by resignation"]

1. d4 d5 2. c4 e6 3. Nc3 dxc4 4. e4 c5 5. d5 exd5 6. exd5 Bd6 7. Bxc4 Nf6 8.
Nge2 O-O 9. Bg5 a6 10. a4 Bf5 11. Qd2 Re8 12. O-O Nbd7 13. Ng3 Bg6 14. Rae1 Qc7 15. Rxe8+ Rxe8 16. Re1 Rxe1+ 17. Qxe1 h6 18. Bd2 Ne5 19. Bf1 Nd3 20. Bxd3 Bxd3 21. Qe3 c4 22. Qf3 Be5 23. Nd1 b5 24. axb5 axb5 25. Bc3 Qe7 26. Bxe5 Qxe5 27.
Qe3 Qxe3 28. Nxe3 b4 29. Ngf1 c3 30. bxc3 bxc3 31. d6 c2 32. Nxc2 Bxc2 33. Ne3 Ba4 34. Kf1 Ne4 35. Ke2 Nxd6 36. Kd3 Kf8 37. Kd4 Ke7 38. Kd5 Bd7 39. f4 Be6+ 40. Ke5 Nc4+ 41. Nxc4 Bxc4 42. g4 Be2 43. h3 Bf1 44. h4 Be2 45. g5 h5 46. f5 f6+ 47. Kf4 Bg4 48. g6 Kd6 49. Ke4 Kc5 50. Kf4 Kd5 51. Ke3 Bxf5 52. Kf2 Bxg6 53. Kg3 Ke5 54. Kf3 Be8 55. Kg3 g5 56. hxg5 fxg5 57. Kh3 Kf5 58. Kh2 h4 59. Kg1 Kf4 60. Kh1 Kg3 61. Kg1 Bc6 62. Kf1 h3 63.
Kg1 h2+ 0-1

[Event "*** Titled Tuesday Blitz"]
[Site "Chess.com"]
[Date "2020.10.20"]
[Round "5"]
[White "Swarnapuri"]
[Black "Guenplen"]
[Result "1/2-1/2"]
[WhiteElo "2623"]
[BlackElo "2839"]
[TimeControl "180+1"]
[EndTime "10:58:14 PDT"]
[Termination "Game drawn by repetition"]

1. d4 d5 2. Bf4 c5 3. e3 Nc6 4. c3 cxd4 5. exd4 Bf5 6. Qb3 Qd7 7. Nf3 e6 8. Ne5 Nxe5 9. Bxe5 Ne7 10. Nd2 Nc6 11.
Nf3 f6 12. Bg3 g5 13. Be2 h5 14. h3 h4 15. Bh2 Be7 16. Nd2 Kf7 17. Nf1 a6 18.
Ne3 Be4 19. O-O Na5 20. Qd1 Bd6 21. f4 Rag8 22. fxg5 Bxh2+ 23. Kxh2 Qd6+ 24. Kh1 Rxg5 25. Bf3 f5 26. Qe1 Nc6 27. Bxe4 dxe4 28. d5 Ne5 29. dxe6+ Kxe6 30. Nxf5 Rxf5 31. Qxe4 Rhf8 32. Rxf5 Rxf5 33. Qxh4 Qd3 34. Qh8 Rf1+ 35. Rxf1 Qxf1+ 36. Kh2 Qf4+ 37. Kh1 Qc1+ 38. Kh2 Qxb2 39. Qc8+ Kf6 40. Qd8+ Kf5 41. Qc8+ Kf4 42. Qf8+ Ke4 43. Qc5 Qd2 44. Kh1 Qe1+ 45. Kh2 Qe3 46. Qc7 Qf4+ 47. Kh1 Qc1+ 48. Kh2 Qf4+ 49.
Kh1 b5 50. Qb7+ Ke3 51. Qxa6 Qf1+ 52. Kh2 Qf4+ 53. Kh1 Qf1+ 54. Kh2 Qf4+ 55. Kh1 1/2-1/2

[Event "*** Titled Tuesday Blitz"]
[Site "Chess.com"]
[Date "2020.10.20"]
[Round "5"]
[White "Rodalquilar"]
[Black "Orest_Vovk"]
[Result "0-1"]
[WhiteElo "2710"]
[BlackElo "2501"]
[TimeControl "180+1"]
[EndTime "10:58:14 PDT"]
[Termination "Orest_Vovk won on time"]

1. d4 Nc6 2. Nf3 d6 3. e4 Bg4 4. Be3 e6 5. Be2 Be7 6. O-O Bxf3 7. Bxf3 Bg5 8. Qd2 Bxe3 9. Qxe3 Nge7 10. Nd2 O-O 11.
Be2 e5 12. c3 f5 13. f3 f4 14.
Qf2 Ng6 15. Rfd1 Qg5 16. Bc4+ Kh8 17. Bd5 Rf6 18. Nc4 Nh4 19. Bxc6 bxc6 20. dxe5 dxe5 21. Rd2 Rg6 22. Rad1 h6 23. Kh1 Qh5 24. Qf1 Kh7 25.
Rf2 Re8 26. Qe2 Rg5 27. Kg1 Re6 28. Kf1 Reg6 29. Rd2 Nxg2 30. Rxg2 Rxg2 31. Qxg2 Rxg2 32. Kxg2 Qg6+ 33. Kf2 Qe6 34. b3 Qh3 35. Nxe5 Qxh2+ 36. Ke1 Qg1+ 37. Ke2 Qe3+ 38. Kd1 Qxc3 39. Nd3 Qa1+ 40. Ke2 Qf6 41. e5 Qf5 42. Kd1 h5 43. Kc2 g5 44.
Re2 Kg7 45. e6 Kf8 46. Re5 Qg6 47. e7+ Ke8 48. Kd2 h4 49. Re4 h3 50. Nf2 h2 51.
Ke2 Qh7 52. Ng4 Qh8 53. Ne5 h1=Q 54. Nxc6 Qb2+ 55. Kd3 Qd1+ 56. Kc4 Qbc2+ 57. Kb5 Qd5+ 58. Ka4 Qcxc6+ 59. Ka3 Qxe4 0-1

[Event "*** Titled Tuesday Blitz"]
[Site "Chess.com"]
[Date "2020.10.20"]
[Round "5"]
[White "Xeniya2005"]
[Black "xamax2000"]
[Result "0-1"]
[WhiteElo "2409"]
[BlackElo "2667"]
[TimeControl "180+1"]
[EndTime "10:58:15 PDT"]
[Termination "xamax2000 won by resignation"]

1. e4 c6 2. d4 d5 3. Nd2 dxe4 4. Nxe4 Nf6 5. Nxf6+ exf6 6. c3 Bd6 7. Bd3 O-O 8.
Ne2 Re8 9. Qc2 h5 10. O-O h4 11. h3 Nd7 12. Be3 Nf8 13. Qd2 g5 14. Rae1 Bc7 15. f4 Qd6 16. c4 g4 17. hxg4 Bxg4 18. Nc3 f5 19. Qf2 Ng6 20. d5 Qd7 21. Kh1 a6 22. a4 Re7 23. Bd4 Bxf4 24. Bf6 Rxe1 25. Qxe1 Re8 26. Ne2 Bg3 27. Qd2 f4 28. Nxf4 Nxf4 29.
Rxf4 Re1+ 30. Rf1 Rxf1+ 31. Bxf1 Qf5 32. Qg5+ Qxg5 33. Bxg5 cxd5 34. cxd5 Kf8 35. Bd3 Ke8 36. Bc4 Kd7 37. Kg1 Kd6 38. Kf1 Kc5 39. Be2 Bxe2+ 40. Kxe2 Kxd5 41. Kd3 f5 42. Ke3 Kc4 43. Kd2 f4 44.
Ke2 Kb3 45. Bf6 Kxa4 46. Kf3 Kb3 47. Kg4 b5 48. Kf3 b4 49. Kg4 a5 50. Kh3 a4 51.
Kg4 Kc4 52. Kh3 b3 53. Bg7 Kd3 54. Bf6 Bf2 55. Bg7 Bd4 56. Bxd4 Kxd4 0-1

[Event "*** Titled Tuesday Blitz"]
[Site "Chess.com"]
[Date "2020.10.20"]
[Round "5"]
[White "VerdeNotte"]
[Black "Firouzja2003"]
[Result "1/2-1/2"]
[WhiteElo "2859"]
[BlackElo "3008"]
[TimeControl "180+1"]
[EndTime "10:58:17 PDT"]
[Termination "Game drawn - insufficient material"]

1. e4 e5 2. Nf3 Nc6 3. Bc4 Nf6 4. d4 exd4 5. e5 d5 6. Bb5 Ne4 7. Nxd4 Bd7 8. Bxc6 bxc6 9. O-O Be7 10. f3 Nc5 11. f4 f5 12. b4 Ne6 13. Nxf5 Bxb4 14.
Ng3 Qh4 15. f5 Qd4+ 16. Qxd4 Nxd4 17. c3 Bc5 18. Be3 Ne2+ 19. Kf2 Nxg3 20. hxg3 Bxe3+ 21. Kxe3 O-O 22. g4 Rae8 23. Kd4 h5 24. Nd2 hxg4 25. e6 Bc8 26. Nb3 g6 27. fxg6 Rxf1 28. Rxf1 Rxe6 29. Nc5 Rxg6 30. Rb1 Kf7 31. Rb8 Rg8 32.
Ra8 Ke7 33. Rxa7 Rf8 34. Nd3 Kd6 35. Ra8 c5+ 36. Nxc5 Rf4+ 37. Ke3 Rc4 38. Rxc8 Rxc5 39. Kd3 Ra5 40. Rg8 Ra4 41. Rg6+ Ke5 42. Rg5+ Kf4 43.
Rxd5 Rxa2 44. Rd7 Ra7 45. Rg7 Kg3 46. Kc4 Ra4+ 47. Kb5 Rf4 48. Rxc7 Rf5+ 49. Kb6 Rg5 50. c4 Kxg2 51. Ra7 g3 52. c5 Kf3 53. Ra3+ Ke4 54. c6 g2 55. Ra1 g1=Q+ 56. Rxg1 Rxg1 57. c7 Rb1+ 58. Kc6 Rc1+ 59. Kd7 Kd5 60. c8=Q Rxc8 61. Kxc8 1/2-1/2

[Event "*** Titled Tuesday Blitz"]
[Site "Chess.com"]
[Date "2020.10.20"]
[Round "5"]
[White "TheBigBoss04"]
[Black "Fusikk"]
[Result "1-0"]
[WhiteElo "2738"]
[BlackElo "2523"]
[TimeControl "180+1"]
[EndTime "10:58:17 PDT"]
[Termination "TheBigBoss04 won by resignation"]

1. Nf3 d5 2. e3 g6 3. c4 c6 4. Nc3 Bg7 5. d4 Nf6 6. Be2 O-O 7. O-O Bg4 8. b3 Ne4 9. Bb2 e6 10. Nxe4 dxe4 11. Nd2 Bxe2 12. Qxe2 f5 13. Rad1 Nd7 14. f3 exf3 15. Nxf3 Nf6 16. Ne5 Ne4 17. Nd3 Bh6 18. d5 exd5 19. Nf4 Bxf4 20. Rxf4 Qe7 21.
cxd5 cxd5 22. Rxd5 Rac8 23. h3 Rc6 24. Qd3 Rc7 25.
Qd4 Nf6 26. Rd6 Rc6 27. Rxc6 bxc6 28. e4 c5 29. Qc4+ Qf7 30. exf5 Qxc4 31. Rxc4 gxf5 32. Bxf6 Rxf6 33. Rxc5 Rd6 34. Rxf5 Rd1+ 35. Kh2 Rd2 36. Ra5 Rd7 37. Ra6 Kg7 38. h4 Rc7 39. Kh3 Rd7 40. g3 Rc7 41. h5 Rd7 42. Kh4 Rc7 43.
g4 Rd7 44. h6+ Kf7 45. a4 Rc7 46. Kh5 Rb7 47. g5 Rc7 48. Kg4 Rd7 49. Kf5 Rb7 50. Ra5 Re7 51. b4 Rb7 52. b5 Rc7 53. Ra6 Rc5+ 54. Kf4 Rc4+ 55. Ke5 Rc5+ 56. Kd6 Rxg5 57.
Rxa7+ Kg6 58. b6 Kxh6 59. b7 Rg8 60. Ra8 Rg7 61. b8=Q 1-0

[Event "*** Titled Tuesday Blitz"]
[Site "Chess.com"]
[Date "2020.10.20"]
[Round "5"]
[White "MikeSailer"]
[Black "Unknown_IM"]
[Result "0-1"]
[WhiteElo "2107"]
[BlackElo "2376"]
[TimeControl "180+1"]
[EndTime "10:58:18 PDT"]
[Termination "Unknown_IM won on time"]

1. d4 Nf6 2. Nf3 g6 3. Bf4 Bg7 4. e3 O-O 5. Be2 d6 6. O-O Nc6 7. h3 e5 8. Bh2 exd4 9. exd4 Bf5 10. c3 Re8 11. Nbd2 Qd7 12. Re1 Re7 13. Bf1 Ne4 14. Nxe4 Bxe4 15. Ng5 Rae8 16. Nxe4 Rxe4 17. Rxe4 Rxe4 18.
Qb3 b6 19. Bb5 Qe7 20. Bg3 Re1+ 21. Rxe1 Qxe1+ 22. Kh2 Nd8 23. Qd5 Bf6 24. Qa8 a5 25. Qc8 Qe7 26. Qg4 Kg7 27. Bf4 h5 28. Qf3 Ne6 29.
Be3 Bg5 30. Bd3 Bxe3 31. fxe3 Qf6 32. Qxf6+ Kxf6 33. e4 Nf4 34. Bc2 g5 35. Kg3 Ng6 36.
Kf3 Nh4+ 37. Kf2 Ng6 38. Bd3 Ne7 39. g3 c6 40. Kf3 d5 41. e5+ Ke6 42. h4 gxh4 43.
gxh4 f6 44. Kf4 fxe5+ 45. dxe5 c5 46. Kg5 Kxe5 47. Kxh5 d4 48. c4 Kf4 49. Kh6 Ke3 50. Bf1 Nf5+ 51. Kg5 Nxh4 52. Kxh4 d3 53. Kg5 d2 0-1

[Event "*** Titled Tuesday Blitz"]
[Site "Chess.com"]
[Date "2020.10.20"]
[Round "5"]
[White "KarstenHansch"]
[Black "Sven_Tica"]
[Result "1-0"]
[WhiteElo "2499"]
[BlackElo "2648"]
[TimeControl "180+1"]
[EndTime "10:58:19 PDT"]
[Termination "KarstenHansch won by resignation"]

1. e4 c5 2. Nf3 Nf6 3. e5 Nd5 4. Nc3 e6 5. Nxd5 exd5 6. d4 Nc6 7. dxc5 Bxc5 8. Qxd5 Qb6 9. Bc4 Bxf2+ 10. Ke2 O-O 11. Rf1 Bc5 12. Ng5 Nd4+ 13. Kd1 Ne6 14. Ne4 d6 15. exd6 Rd8 16. Bd2 Bxd6 17. Qh5 Bf4 18. Rxf4 Nxf4 19. Qxf7+ Kh8 20. Qxf4 Bg4+ 21. Qxg4 Qg1+ 22.
Ke2 Qxa1 23. Ng5 Re8+ 24. Be3 Rxe3+ 25. Kxe3 Qe1+ 26. Kd3 Rd8+ 27. Bd5 Qf1+ 28. Kc3 Qf6+ 29. Kc4 b5+ 30. Kb3 Rf8 31. Nf7+ Rxf7 32. Bxf7 Qxf7+ 33. Kb4 h5 34. Qc8+ Kh7 35. Kxb5 Qxa2 36. Qf5+ g6 37.
Qd7+ Kh6 38. Qd2+ Kh7 39. b3 Qa1 40. c4 Qe5+ 41. Qd5 Qb8+ 42. Ka4 Qxh2 43. c5 Qf4+ 44. Qc4 Qc7 45. c6 Kh6 46. Qd5 a5 47. Qd2+ g5 48. Qd5 g4 49. Kb5 h4 50. Qd7 Qb8+ 51.
Kxa5 Qxb3 52. c7 Qc3+ 53. Kb6 Qb4+ 54. Qb5 Qd4+ 55. Kb7 Qg7 56. Qc6+ Kg5 57. Kb8 Qe5 58.
Ka8 Qa5+ 59. Kb7 Qb4+ 60. Ka6 Qa3+ 61. Kb6 Qf8 62. c8=Q Qxc8 63. Qxc8 Kf4 64. Qc2 Kg3 65. Qe2 h3 66. gxh3 gxh3 67. Qf1 Kh2 68. Kc5 1-0

[Event "*** Titled Tuesday Blitz"]
[Site "Chess.com"]
[Date "2020.10.20"]
[Round "5"]
[White "beto-betun"]
[Black "Cocaino74"]
[Result "0-1"]
[WhiteElo "2179"]
[BlackElo "2381"]
[TimeControl "180+1"]
[EndTime "10:58:19 PDT"]
[Termination "Cocaino74 won by resignation"]

1. d4 d5 2. Nf3 e6 3. g3 c5 4.
Bg2 Nf6 5. O-O Be7 6. c4 dxc4 7. dxc5 O-O 8. Nc3 Na6 9. c6 bxc6 10. Qa4 Nc5 11. Qxc4 Ba6 12. Qf4 Nd5 13. Nxd5 cxd5 14. Re1 Bf6 15. Ne5 Qb8 16. Nc6 Qxf4 17. Bxf4 Bxb2 18.
Rab1 Bf6 19. Rec1 Na4 20. e4 Nc3 21. Rxc3 Bxc3 22. exd5 exd5 23. Bxd5 Rae8 24. Nxa7 Bd3 25. Rd1 Bc2 26. Rc1 Re1+ 27. Rxe1 Bxe1 28. Nc6 Re8 29. Be3 Be4 30. Bxe4 Rxe4 31. Nd4 Bc3 32. Nf5 Ra4 33. a3 Rxa3 34. Kg2 Ra5 35. Ne7+ Kh8 36. Nc6 Ra2 37. Kf3 Ra6 38. Ne7 Rd6 39. Nf5 Rd5 40. Ne7 Re5 41. Nc6 Re6 42. Nd8 Rf6+ 43. Ke2 Ba5 44.
Nb7 Bb4 45. Nc5 Bxc5 46. Bxc5 Rc6 47. Be3 g6 48. Kf3 Kg7 49. h3 f6 50. g4 Kf7 51. Ke4 Rc4+ 52. Kf3 Ra4 53. Bf4 Ra3+ 54. Be3 Ke6 55. Ke4 Ra4+ 56. Kf3 Ke5 57. Bb6 Ra3+ 58.
Be3 Rb3 59. Ke2 Ke4 60. Bc1 Rxh3 61. Be3 Rf3 62. Bc1 h5 63. gxh5 gxh5 64. Bb2 h4 65. Bxf6 Rxf6 66. f3+ Rxf3 0-1